Map: Acid Plant LE

Players

Pain - Winner!

  • Race: Terran Terran
  • Spawn Location: 5:00

A.I. 1 (Medium)

  • Race: Zerg Zerg
  • Spawn Location: 11:00

VOD

Have the link to the VOD?

Description

Time

  • Played on: March 21, 2018, 12:34 a.m.
  • Length: 15:39
Show
View Real Time Build Order
Export as new Build Order

Pain Terran - Winner!

Build Orders:  

Get SALT Encoding   

  12  0:02  SCV  
  13  0:22  Supply Depot  
  13  0:24  SCV  
  14  0:36  SCV  
  14  0:39  Refinery  
  15  0:47  Barracks  
  15  0:56  Supply Depot  
  15  1:13  SCV  
  16  1:25  SCV  
  17  1:35  Supply Depot  
  17  1:38  SCV  
  18  1:50  SCV  
  18  1:52  Barracks  
  19  2:05  Factory, Barracks Reactor  
  19  2:09  SCV  
  19  2:24  Orbital Command  
  19  2:40  Barracks Tech Lab  
  19  2:42  Marine x2  
  21  2:53  Refinery  
  21  2:59  Marine  
  21  3:00  Marine  
  23  3:16  Combat Shields, Command Center  
  23  3:17  Marine  
  24  3:29  Factory Reactor  
  24  3:49  Armory  
  24  4:02  SCV  
  25  4:04  Factory  
  25  4:14  SCV  
  26  4:18  Hellion x2  
  30  4:27  SCV  
  31  4:33  SCV  
  32  4:39  SCV, Hellion  
  32  4:45  Engineering Bay  
  35  4:46  SCV  
  35  4:48  Hellbat  
  35  4:51  SCV  
  39  5:06  SCV  
  40  5:18  SCV  
  41  5:22  Terran Infantry Weapons Level 1  
  41  5:29  Terran Vehicle Weapons Level 1  
  41  5:30  SCV  
  42  5:41  Factory Tech Lab  
  42  5:42  SCV  
  43  5:48  Supply Depot  
  43  5:54  SCV, Marine x2  
  37  6:12  Marine x2  
  37  6:17  Hellbat x3  
  41  6:29  Refinery  
  41  6:30  Marine  
  42  6:33  Refinery  
  42  6:38  Hellbat x2  
  42  6:39  Hellbat  
  48  6:40  Infernal Pre-Igniter  
  48  6:59  Orbital Command  
  48  7:00  Hellbat x2  
  52  7:03  SCV  
  52  7:07  Unknown  
  53  7:10  Supply Depot  
  53  7:15  SCV  
  54  7:16  Terran Infantry Armor Level 1  
  54  7:21  Hellbat  
  56  7:23  Terran Vehicle And Ship Armor Level 1  
  56  7:27  SCV  
  57  7:34  Supply Depot  
  57  7:39  SCV  
  58  7:51  SCV  
  59  7:59  Smart Servos  
  59  8:03  SCV  
  60  8:05  Factory  
  60  8:07  Starport  
  60  8:09  Supply Depot  
  60  8:29  SCV  
  60  8:33  Supply Depot  
  61  8:41  SCV  
  61  8:44  Marauder  
  61  8:47  Hellbat x3  
  70  8:51  Medivac  
  70  8:53  SCV  
  73  9:05  SCV, Marauder  
  76  9:10  Terran Infantry Weapons Level 2  
  76  9:17  Terran Vehicle Weapons Level 2  
  76  9:20  Command Center  
  76  9:26  Marauder  
  67  9:39  Unknown  
  67  9:48  Marauder  
  69  10:02  Hellbat  
  69  10:03  Hellbat x3, Unknown  
  77  10:09  Marauder  
  79  10:18  Unknown  
  79  10:24  Hellbat x4  
  79  10:25  Unknown  
  83  10:29  Unknown  
  77  10:45  Hellbat x3  
  77  10:46  Hellbat  
  85  10:57  SCV  
  86  11:01  Supply Depot  
  86  11:06  Hellbat  
  86  11:07  Hellbat  
  86  11:09  SCV  
  85  11:18  Marauder  
  83  11:19  Hellbat  
  83  11:20  Hellbat  
  83  11:21  SCV  
  83  11:22  Medivac  
  90  11:28  Hellbat x2  
  94  11:33  SCV  
  94  11:39  Marauder  
  97  11:41  Hellbat x2  
  97  11:45  SCV  
  102  11:49  Hellbat x2  
  106  11:58  Terran Infantry Weapons Level 3  
  106  12:00  Terran Vehicle And Ship Armor Level 2, Marauder  
  108  12:02  Hellbat x2  
  108  12:04  Marine  
  108  12:05  Marine  
  114  12:11  Hellbat x2  
  118  12:22  Marine x2, Marauder  
  120  12:24  Hellbat x2  
  120  12:26  SCV  
  127  12:30  Starport Reactor  
  127  12:32  Hellbat x2  
  125  12:38  SCV  
  125  12:40  Marine x2  
  125  12:43  Marauder  
  120  12:50  SCV  
  117  12:58  Marine x2  
  117  13:03  SCV  
  117  13:05  Marauder  
  123  13:26  Marauder  
  125  13:33  Unknown  
  125  13:36  SCV  
  125  13:37  Unknown  
  123  13:44  Marine x2  
  123  13:49  Marine  
  123  13:52  Hellbat x2  
  122  13:56  Hellbat  
  122  14:00  Hellbat  
  122  14:02  Medivac, Marine x2  
  124  14:06  Marine  
  125  14:14  Hellbat x2  
  125  14:18  Hellbat  
  125  14:20  Marine x2  
  125  14:21  Hellbat  
  131  14:24  Marine  
  131  14:28  Unknown  
  132  14:31  Unknown  
  132  14:35  Hellbat x2, Unknown  
  132  14:37  Marine x2  
  134  14:39  Hellbat  
  134  14:42  Hellbat, Marine  
  127  14:56  Hellbat x2  
  127  14:57  SCV  
  131  15:00  Hellbat, Marine  
  131  15:02  Refinery  
  131  15:04  Hellbat, Refinery  
  131  15:06  SCV x2  
  138  15:07  Unknown  
  138  15:09  SCV  
  138  15:12  Marine  
  138  15:13  Marine  
  141  15:18  SCV, Marine  
  141  15:19  SCV  
  148  15:21  SCV  
Show
View Real Time Build Order
Export as new Build Order

A.I. 1 (Medium) Zerg 

Build Orders: Pool First 

Get SALT Encoding   

  12  0:00  Drone  
  13  0:12  Overlord  
  13  0:16  Drone  
  14  0:30  Drone  
  14  0:33  Drone  
  16  0:42  Spawning Pool  
  16  0:45  Drone  
  16  0:49  Drone  
  17  0:52  Extractor  
  17  0:55  Drone  
  17  1:06  Overlord  
  17  1:31  Zergling x2, Queen  
  20  1:38  Drone, Roach Warren  
  20  1:40  Extractor  
  20  1:41  Zergling x2  
  20  1:49  Drone  
  21  2:00  Drone  
  22  2:10  Overlord  
  22  2:21  Roach  
  24  2:32  Roach  
  26  2:42  Roach  
  26  2:43  Overlord  
  28  2:48  Drone  
  29  2:52  Roach  
  29  2:58  Drone  
  32  3:07  Baneling Nest  
  32  3:08  Drone  
  32  3:10  Roach  
  32  3:11  Drone  
  35  3:14  Drone  
  36  3:20  Drone  
  37  3:29  Evolution Chamber  
  37  3:31  Roach  
  38  3:42  Drone  
  38  3:43  Overlord  
  38  3:45  Drone  
  40  5:10  Lair  
  40  5:11  Overlord, Drone  
  40  5:13  Spore Crawler, Drone  
  41  5:14  Spore Crawler  
  41  5:16  Drone  
  41  5:19  Drone  
  42  5:29  Evolution Chamber  
  42  5:30  Drone  
  42  5:38  Spine Crawler  
  42  5:40  Drone  
  42  5:47  Spine Crawler  
  42  5:49  Drone  
  41  5:57  Zergling x2  
  41  6:08  Queen, Overseer x2  
  41  6:09  Roach  
  37  6:12  Hydralisk Den  
  37  6:13  Infestation Pit  
  37  6:14  Drone  
  37  6:16  Spire  
  37  6:17  Drone  
  36  6:22  Roach  
  34  6:32  Hatchery  
  33  6:34  Roach  
  33  6:36  Drone  
  36  6:46  Roach  
  38  6:58  Roach  
  40  7:10  Hydralisk  
  42  7:22  Hydralisk  
  44  7:34  Hydralisk  
  46  7:43  Queen, Drone  
  49  7:45  Spore Crawler  
  49  7:46  Hydralisk  
  49  7:47  Drone  
  49  7:49  Spore Crawler  
  49  7:50  Drone  
  51  7:52  Spore Crawler, Drone  
  51  7:55  Drone  
  52  7:58  Drone  
  52  8:01  Drone  
  52  8:04  Drone  
  55  8:07  Drone  
  55  8:10  Drone  
  57  8:13  Drone  
  57  8:15  Drone  
  57  8:18  Drone  
  60  8:20  Overlord  
  60  8:21  Drone, Spine Crawler  
  60  8:23  Spine Crawler  
  60  8:24  Drone  
  60  8:27  Drone  
  60  8:30  Drone  
  62  8:37  Drone  
  62  8:40  Drone  
  64  8:48  Drone  
  65  8:50  Drone  
  65  8:53  Drone  
  67  9:24  Pneumatized Carapace  
  67  9:25  Overseer  
  67  9:26  Overlord x2, Roach  
  67  9:27  Zerg Ground Armor Level 1, Zerg Melee Weapons Level 1  
  67  9:28  Burrow  
  68  9:32  Roach  
  68  9:38  Roach  
  56  9:43  Roach  
  56  9:47  Extractor  
  56  9:49  Zergling x2  
  56  9:53  Extractor  
  56  9:55  Roach  
  57  10:00  Roach  
  57  10:06  Hydralisk  
  61  10:08  Hive  
  61  10:10  Overlord  
  61  10:11  Drone  
  61  10:12  Hydralisk  
  61  10:13  Overseer  
  64  10:15  Drone  
  64  10:18  Drone, Roach  
  65  10:22  Drone  
  65  10:24  Roach  
  64  10:30  Roach  
  64  10:35  Hydralisk  
  64  10:41  Hydralisk  
  66  10:47  Infestor  
  68  10:53  Zergling x2  
  69  10:59  Roach  
  71  11:04  Roach  
  71  11:10  Roach  
  75  11:16  Roach  
  77  11:19  Hatchery  
  77  11:21  Zerg Missile Weapons Level 1  
  77  11:22  Roach  
  77  11:23  Ultralisk Cavern, Greater Spire  
  77  12:32  Queen, Drone  
  77  12:34  Zergling x2  
  77  12:35  Drone  
  77  12:38  Drone  
  77  12:39  Hydralisk  
  77  12:41  Drone  
  77  12:42  Extractor  
  77  12:43  Drone  
  77  12:44  Spore Crawler  
  68  12:45  Spore Crawler, Infestor  
  68  12:46  Spire  
  68  12:47  Drone  
  68  12:50  Spore Crawler, Drone  
  57  12:51  Roach  
  57  12:53  Drone  
  57  12:55  Drone  
  57  12:57  Roach  
  63  12:58  Drone  
  63  13:01  Overlord, Roach, Zerg Melee Weapons Level 2  
  63  13:02  Extractor, Drone  
  63  13:04  Hydralisk  
  68  13:08  Roach  
  68  13:12  Roach  
  72  13:16  Roach  
  72  13:19  Roach  
  76  13:21  Overlord  
  76  13:23  Roach  
  76  13:26  Roach  
  75  13:33  Hydralisk  
  75  13:38  Roach  
  73  13:41  Overlord, Roach  
  73  13:45  Roach  
  71  13:49  Drone  
  71  13:50  Drone x3  
  71  13:52  Roach  
  45  14:03  Roach  
  45  14:07  Roach  
  45  14:09  Hydralisk  
  41  14:12  Drone  
  41  14:14  Roach  
  39  14:17  Roach  
  39  14:20  Overseer  
  32  14:27  Hydralisk  
  32  14:29  Queen  
  32  14:32  Roach  
  32  14:35  Roach  
  36  14:39  Roach  
  36  14:42  Roach  
  38  14:50  Drone  
  34  14:58  Hatchery  
  25  15:00  Zergling x2  
  25  15:04  Roach  
  21  15:08  Roach  
  21  15:09  Drone  
  22  15:19  Drone  
  21  15:25  Drone  
Tags
 
Matchup
TvZ
Opening
Pool First
Replay Pack
RP
Spawn Locations
Cross Positions
Add a new tag
Caveats
  • Supply blocks, unpowered buildings, or Contaminate may cause inaccurate times.
  • Supply counts are checked every 10 seconds.